[Event "Late-Titled-Tuesday-Blitz-January-30-2024"]
[Site "Chess.com"]
[Date "2024.01.30"]
[Round "11"]
[White "Brahianzevich"]
[Black "only_strong_moves"]
[Result "1-0"]
[WhiteElo "2439"]
[BlackElo "2538"]
[TimeControl "180+1"]
[EndTime "16:05:56 PST"]
[Termination "Brahianzevich won by resignation"]

1. e4 a6 2. d4 g6 3. Bc4 Bg7 4. Nf3 b5 5. Bb3 e6 6. O-O Ne7 7. a4 Bb7 8. Re1 O-O 9. Nbd2 d6 10. Nf1 c5 11. c3 Nbc6 12. Ng3 Qb6 13. d5 Na5 14. dxe6 Nxb3 15. exf7+ Rxf7 16. Qxb3 c4 17. Qc2 Raf8 18. Be3 Qc7 19. axb5 axb5 20. Nd4 d5 21. Nxb5 Qd7 22. Nd4 h5 23. Ra7 h4 24. Nf1 dxe4 25.
Qxe4 Nf5 26. Qg4 Nxd4 27. Qxd7 Nf3+ 28. gxf3 Rxd7 29. Nd2 Rfd8 30. Nxc4 Bxf3 31. Rxd7 Rxd7 32. Nd2 Bc6 33. Rc1 Be5 34. b4 g5 35. c4 g4 36. b5 Ba8 37. c5 g3 38. hxg3 hxg3 39.
c6 Rg7 40. f4 Bc7 41. b6 Bxb6 42. Bxb6 Rh7 43. Kg2 Rh2+ 44. Kxg3 Rxd2 45. c7 Rd3+ 46. Kg4 Bb7 47. c8=Q+ Bxc8+ 48. Rxc8+ Kf7 49. Rc6 Rd5 50. Rc5 Rd1 51. Bc7 Ke6 52. Be5 Rg1+ 53. Kf3 Rg8 54.
Ra5 Rg1 55. Kf2 Rb1 56. Ra6+ Kf5 57. Rf6+ Ke4 58. Rd6 Rb2+ 59. Bxb2 1-0

[Event "Late-Titled-Tuesday-Blitz-January-30-2024"]
[Site "Chess.com"]
[Date "2024.01.30"]
[Round "11"]
[White "nikitadovbnya2008"]
[Black "pr1105"]
[Result "0-1"]
[WhiteElo "2192"]
[BlackElo "2420"]
[TimeControl "180+1"]
[EndTime "16:05:59 PST"]
[Termination "pr1105 won on time"]

1. d4 Nf6 2. c4 e6 3. Nc3 Bb4 4. f3 c5 5. d5 b5 6. e4 d6 7. Ne2 bxc4 8. Nf4 e5 9. Ne2 O-O 10. Ng3 Ba6 11. Be2 Nbd7 12. O-O Nb6 13. Qc2 Nfd7 14. Nd1 Re8 15. Ne3 Rb8 16. Ngf5 Nf8 17. Nxc4 Nxc4 18. Bxc4 Bxc4 19. Qxc4 Ba5 20. f4 Ng6 21. a3 exf4 22. Bxf4 Nxf4 23. Rxf4 Bd2 24. Rg4 g6 25. Qc2 Bg5 26. Rf1 Kh8 27. h4 Bf6 28. Nh6 Rb7 29. Rgf4 Bd4+ 30. Kh1 f6 31. h5 Kg7 32. Ng4 Rf8 33. h6+ Kg8 34. b3 Rbf7 35. Qe2 f5 36. exf5 Qh4+ 37. Nh2 Qxh6 38. Qe6 Kg7 39.
R1f3 Rf6 40. Qe7+ R8f7 41. Qe8 Be5 42. Rh3 Qxf4 43. Nf3 Qc1+ 0-1

[Event "Late-Titled-Tuesday-Blitz-January-30-2024"]
[Site "Chess.com"]
[Date "2024.01.30"]
[Round "11"]
[White "Slovineanu"]
[Black "alexrustemov"]
[Result "0-1"]
[WhiteElo "2443"]
[BlackElo "2723"]
[TimeControl "180+1"]
[EndTime "16:06:05 PST"]
[Termination "alexrustemov won by resignation"]

1. d4 g6 2. e4 Bg7 3. Nc3 d6 4. Be3 a6 5. Nf3 b5 6. h4 h6 7. Bd3 Bb7 8. e5 e6 9. a4 b4 10. Ne4 Ne7 11. Qd2 Nd5 12. c4 Nxe3 13. Qxe3 dxe5 14.
dxe5 Nd7 15. Rd1 Qe7 16. Ng3 Bxf3 17. Qxf3 O-O 18. h5 Nxe5 19. Qe4 f5 20. Qe2 g5 21.
O-O Rad8 22. Bc2 Qc5 23. b3 g4 24. Rxd8 Rxd8 25. Rd1 Rxd1+ 26. Qxd1 Qd6 27. Qe2 a5 28. Qe3 c5 29. Ne2 Nc6 30. Nf4 Nd4 31. Bd1 Qe5 32. Ng6 Qxe3 33. fxe3 Nc6 34. Kf2 Kf7 35. e4 Nd4 36. Ke3 Bf6 37. e5 Bg5+ 38. Kf2 Nc6 39. g3 Bc1 40. Be2 Bb2 41. Bd1 Nxe5 42. Nf4 Bd4+ 43.
Kg2 Kf6 44. Bc2 Be3 45. Nd3 Nxd3 46. Bxd3 Kg5 47. Kf1 Kxh5 48. Ke1 Kg5 49. Bf1 h5 50. Bg2 h4 51. gxh4+ Kxh4 52. Bc6 Kg5 53. Bd7 e5 54. Ke2 Bd4 55. Bc8 e4 56. Bd7 g3 57. Kf1 f4 58.
Bc6 f3 0-1

[Event "Late-Titled-Tuesday-Blitz-January-30-2024"]
[Site "Chess.com"]
[Date "2024.01.30"]
[Round "11"]
[White "h4parah5"]
[Black "crescentmoon2411"]
[Result "1-0"]
[WhiteElo "2931"]
[BlackElo "3002"]
[TimeControl "180+1"]
[EndTime "16:06:06 PST"]
[Termination "h4parah5 won by resignation"]

1. Nf3 Nf6 2. c4 e6 3. b3 d5 4. Bb2 c5 5. cxd5 exd5 6. g3 Nc6 7. Bg2 d4 8. O-O Be7 9. e3 dxe3 10. dxe3 O-O 11. Nc3 Bf5 12. Re1 Qxd1 13. Raxd1 Rad8 14. Nh4 Bg4 15. f3 Be6 16. f4 Nb4 17. Bxb7 Nd3 18. Re2 c4 19. f5 Bd7 20. bxc4 Nxb2 21.
Rxb2 Bc5 22. Re2 Rb8 23. Ne4 Nxe4 24. Bxe4 Ba4 25. Rd5 Rbc8 26. Kf2 Rfe8 27. Bd3 Bb6 28. Nf3 Bc6 29. Re5 Red8 30. Be4 Ba4 31. Bd5 Rc7 32. g4 Kf8 33. h4 h6 34. g5 hxg5 35. hxg5 Re7 36.
Rxe7 Kxe7 37. Kg2 f6 38. g6 Bd1 39. Re1 Bxf3+ 40. Kxf3 Rh8 41. Kg2 Kd6 42. e4 Ke5 43.
Rb1 Kd6 44. Rb5 Rh5 45. a4 Rg5+ 46. Kf3 Rh5 47. a5 Bd4 48. Rb7 Rh3+ 49. Kg2 Ra3 50.
Rxg7 Ke5 51. Re7+ Kf4 52. g7 Rg3+ 53. Kh2 Bg1+ 54. Kh1 1-0

[Event "Late-Titled-Tuesday-Blitz-January-30-2024"]
[Site "Chess.com"]
[Date "2024.01.30"]
[Round "11"]
[White "ArturoCaceres"]
[Black "traviscottofficial"]
[Result "1-0"]
[WhiteElo "2512"]
[BlackElo "2599"]
[TimeControl "180+1"]
[EndTime "16:06:07 PST"]
[Termination "ArturoCaceres won by resignation"]

1. Nf3 Nf6 2. d4 g6 3. Bg5 Bg7 4. Qc1 h6 5. Bh4 d6 6. Nbd2 O-O 7. e4 Nc6 8. c3 e5 9. Bb5 exd4 10. cxd4 Bd7 11.
O-O g5 12. Bg3 Nh5 13. d5 Ne7 14. Bxd7 Qxd7 15. Qc2 f5 16. exf5 Nxf5 17. Rac1 Rf7 18. Rfe1 Raf8 19. Qb3 Nhxg3 20. fxg3 g4 21. Nh4 Nxh4 22.
gxh4 Qf5 23. Qc2 Qf2+ 24. Kh1 Qxe1+ 25. Rxe1 Rf2 26. Qd3 Be5 27. Rf1 Kg7 28. Kg1 Rxf1+ 29. Nxf1 Bxb2 30. Ne3 h5 31. Qe4 Be5 32. Nf5+ Kh8 33.
g3 Rf6 34. Kg2 Kg8 35. Nd4 Bxd4 36. Qxd4 Rf5 37. Qc4 Rf7 38. Qb5 b6 39. Qa6 Re7 40. Qxa7 Kf7 41. Qa6 Kg7 42. Qf1 Re5 43. Qd3 Re7 44. a4 Rf7 45. h3 Rf3 46. Qd4+ Kg6 47. hxg4 Rf7 48. gxh5+ Kxh5 49. Kh3 Kg6 50. Qg4+ Kh6 51.
Qg5+ Kh7 52. h5 Rg7 53. Qf6 Rg8 54. g4 Rg7 55. g5 Kg8 56. g6 1-0

[Event "Late-Titled-Tuesday-Blitz-January-30-2024"]
[Site "Chess.com"]
[Date "2024.01.30"]
[Round "11"]
[White "Fernando_Offermann"]
[Black "GianmarcoVaR"]
[Result "0-1"]
[WhiteElo "2509"]
[BlackElo "2667"]
[TimeControl "180+1"]
[EndTime "16:06:08 PST"]
[Termination "GianmarcoVaR won on time"]

1. Nf3 Nf6 2. g3 d5 3. Bg2 c6 4. O-O Bg4 5. h3 Bh5 6. d3 Nbd7 7. Nbd2 e5 8. e4 Bd6 9. Qe1 O-O 10. Nh4 Re8 11. Nf5 Bf8 12. g4 Bg6 13. Nf3 Nc5 14. N3h4 dxe4 15. dxe4 Nfd7 16. Be3 Qc7 17. Rd1 Ne6 18. Qd2 Rad8 19. Qc3 f6 20. Rd2 Bf7 21. Rfd1 Ndc5 22. f3 Rxd2 23. Rxd2 Rd8 24. Bf1 b5 25. a3 Na4 26. Qb3 g5 27. Ng2 Nd4 28. Nxd4 exd4 29. Qd3 Bc4 30. Qxc4+ bxc4 31. Bxc4+ Kg7 32. Bf2 Nxb2 33.
Bb3 c5 34. c4 dxc3 35. Rc2 Rd1+ 36. Ne1 Rd2 37. Rxc3 Rxf2 38. Kxf2 Qe5 39. Re3 c4 40.
Bc2 Bc5 41. Ke2 Bxe3 42. Kxe3 Qc3+ 43. Ke2 Qxa3 44. Ng2 Qb4 45. Ne3 c3 46. Nd5 Qd4 0-1

[Event "Late-Titled-Tuesday-Blitz-January-30-2024"]
[Site "Chess.com"]
[Date "2024.01.30"]
[Round "11"]
[White "DonJuanEGenaro"]
[Black "NovakRatko"]
[Result "0-1"]
[WhiteElo "2050"]
[BlackElo "2398"]
[TimeControl "180+1"]
[EndTime "16:06:08 PST"]
[Termination "NovakRatko won on time"]

1. Nf3 d5 2. c4 d4 3. e3 c5 4. exd4 cxd4 5. d3 Nc6 6. g3 e5 7. Bg2 Bg4 8. h3 Bf5 9. O-O Qd7 10. Kh2 f6 11. Na3 Nb4 12. Ne1 a5 13. Nb5 a4 14. a3 Nc6 15. b4 axb3 16. Qxb3 Bc5 17. f4 Nge7 18. fxe5 fxe5 19. g4 Be6 20. Bg5 Ng6 21.
Be4 Nf4 22. Bxf4 exf4 23. Rxf4 Bd6 24. Nxd6+ Qxd6 25. Ng2 g5 26. Qxb7 Rc8 27. Qg7 Rg8 28. Qxh7 gxf4 29. Bf3 Ne5 30. Rf1 Nxf3+ 31. Rxf3 Rc7 32.
Qh6 Rf7 33. Nxf4 Rgf8 34. Kg3 Kd7 35. h4 Rf6 36. Qh7+ R8f7 37. Qe4 Rg7 38. g5 Rff7 39. c5 Qc7 40. Qxe6+ Kd8 41. Rf2 Re7 42. Qd5+ Rd7 0-1

[Event "Late-Titled-Tuesday-Blitz-January-30-2024"]
[Site "Chess.com"]
[Date "2024.01.30"]
[Round "11"]
[White "rasmussvane"]
[Black "mishanick"]
[Result "0-1"]
[WhiteElo "2955"]
[BlackElo "3111"]
[TimeControl "180+1"]
[EndTime "16:06:09 PST"]
[Termination "mishanick won on time"]

1. Nf3 c5 2. c4 Nc6 3. Nc3 e6 4.
g3 g6 5. d4 cxd4 6. Nxd4 Bg7 7. Nxc6 bxc6 8. Bg2 Ne7 9. O-O d5 10. Qc2 O-O 11. Rd1 Nf5 12. cxd5 cxd5 13. e4 Nd4 14. Qd3 dxe4 15. Bxe4 Rb8 16. Be3 e5 17. b3 Qa5 18. Nd5 Ba6 19. Qd2 Qd8 20. Bxd4 exd4 21.
Nb4 Bb5 22. Rac1 Rb6 23. Bc6 Bxc6 24. Nxc6 Qf6 25. Nb4 Qf5 26. Nd3 h5 27. h4 Kh7 28.
Re1 Bh6 29. f4 Bg7 30. Qe2 Re6 31. Qf3 Rfe8 32. Rxe6 Rxe6 33. Re1 Rxe1+ 34. Nxe1 Qb1 35. Qe2 d3 36. Qd2 Qa1 37. Kg2 Bc3 38. Qxd3 Qxe1 39.
Qc4 Qd2+ 40. Kh3 Kg7 41. a4 a5 42. Qe4 Qd7+ 43. Kg2 Bb4 44. Qf3 Qf5 45. Qe3 Qc2+ 46. Kh3 Qc3 47. Qe4 Qxb3 48. Qe5+ Kh7 49. f5 Qf3 50.
fxg6+ Kxg6 51. Qg5+ Kh7 52. Kh2 Bd6 0-1

[Event "Late-Titled-Tuesday-Blitz-January-30-2024"]
[Site "Chess.com"]
[Date "2024.01.30"]
[Round "11"]
[White "ElephantChessGenius"]
[Black "Gryffindorac8"]
[Result "1-0"]
[WhiteElo "2264"]
[BlackElo "2357"]
[TimeControl "180+1"]
[EndTime "16:06:16 PST"]
[Termination "ElephantChessGenius won by checkmate"]

1. e4 c5 2. Nc3 d6 3. d4 cxd4 4.
Qxd4 Nc6 5. Qd2 g6 6. b3 Nf6 7. Bb2 Bg7 8. O-O-O Bd7 9. f3 O-O 10. h4 h5 11. Kb1 a6 12. Nge2 b5 13. g4 Ne5 14. g5 Ne8 15. f4 Ng4 16. Ng3 Nc7 17. Bg2 Rb8 18. e5 Ne8 19. Nce4 Qc7 20. exd6 Nxd6 21.
Bxg7 Kxg7 22. Nxd6 exd6 23. Qd4+ Kh7 24. Be4 Bc6 25.
Nxh5 Bxe4 26. Qxe4 Rfe8 27. Qf3 gxh5 28. f5 Re3 29. Qf4 Rc8 30. Rd2 Qe7 31. g6+ fxg6 32. fxg6+ Kxg6 33. Rxd6+ Kg7 34. Rhd1 Re1 35. Qd4+ Kh7 36.
Rd7 Rxd1+ 37. Qxd1 Re8 38. Rxe7+ Rxe7 39. Qd3+ Kg7 40.
Qd4+ Kf7 41. Qd5+ Ke8 42. Qxh5+ Rf7 43. Qxg4 Ke7 44. h5 Kf8 45. h6 Rh7 46. Qg6 Re7 47. h7 Re1+ 48. Kb2 Rh1 49. Qg8+ Ke7 50. h8=Q Rxh8 51.
Qxh8 b4 52. Qd4 a5 53. a3 a4 54. axb4 axb3 55. Kxb3 Ke6 56. c4 Kf5 57. c5 Ke6 58.
c6 Ke7 59. c7 Ke6 60. c8=Q+ Kf7 61. b5 Kg6 62. b6 Kf7 63. b7 Kg6 64. b8=Q Kf7 65.
Qbc7+ Kg6 66. Q8d7 Kg5 67. Qde5+ Kg6 68. Qf7+ Kh6 69. Qee6+ Kg5 70. Qce5+ Kh4 71. Qe4+ Kg3 72. Qfg6+ Kf2 73. Qb6+ Kf1 74. Qd3+ Ke1 75. Qbb5 Kf2 76.
Kc2 Ke1 77. Qd2# 1-0

[Event "Late-Titled-Tuesday-Blitz-January-30-2024"]
[Site "Chess.com"]
[Date "2024.01.30"]
[Round "11"]
[White "AlexeiShirov"]
[Black "djano"]
[Result "1-0"]
[WhiteElo "2769"]
[BlackElo "2620"]
[TimeControl "180+1"]
[EndTime "16:06:17 PST"]
[Termination "AlexeiShirov won on time"]

1. e4 c5 2. Nf3 Nc6 3. d4 cxd4 4.
Nxd4 g6 5. Nc3 Bg7 6. Be3 Nf6 7.
Bc4 O-O 8. Bb3 Re8 9. Nxc6 dxc6 10. f3 Qa5 11. O-O b6 12. Rf2 Ba6 13. Rd2 Qh5 14. a4 Bh6 15. Qe1 e6 16. Rad1 Bxe3+ 17. Qxe3 Qc5 18. Qxc5 bxc5 19. Rd6 Rec8 20. e5 Nd5 21. Ne4 c4 22. Ba2 Rab8 23. b3 Nb4 24. Bb1 cxb3 25. cxb3 c5 26. Rd7 c4 27. bxc4 Bxc4 28. Rxa7 Nd5 29. Nd6 Rc6 30. Be4 f5 31. Nxc4 fxe4 32. fxe4 Nc3 33. Rdd7 Rxc4 34. Rg7+ Kh8 35.
Rxh7+ Kg8 36. h4 Nxe4 37. Rag7+ Kf8 38. Rxg6 Rb1+ 39. Kh2 Rcc1 40. Kh3 Rh1+ 41. Kg4 Rb2 42. Kh5 Rf2 43. Rxe6 Rf5+ 44. Kg4 Rf7 45. Rxf7+ Kxf7 46. Rb6 Rg1 47. a5 Nc5 48. g3 1-0

[Event "Late-Titled-Tuesday-Blitz-January-30-2024"]
[Site "Chess.com"]
[Date "2024.01.30"]
[Round "11"]
[White "Nf3c5"]
[Black "Mikhail_Golubev"]
[Result "1-0"]
[WhiteElo "2531"]
[BlackElo "2631"]
[TimeControl "180+1"]
[EndTime "16:06:22 PST"]
[Termination "Nf3c5 won on time"]

1. e4 c5 2. Nf3 d6 3. d4 cxd4 4. Nxd4 Nf6 5. Nc3 g6 6. Be2 Bg7 7. O-O O-O 8. Re1 Nc6 9. Nb3 Be6 10. Bg5 Na5 11. Bf1 Nc4 12. Bxc4 Bxc4 13. Nd5 Bxd5 14. exd5 Rc8 15. c3 Re8 16. Qd2 a5 17. Bxf6 Bxf6 18.
Nd4 Rc5 19. Nf3 Qb6 20. Rad1 Qb5 21. h4 h5 22. Re4 Qd7 23. Re2 b5 24. a3 Rb8 25.
Qh6 Qf5 26. Ng5 Bxg5 27. Qxg5 Qxg5 28. hxg5 Kf8 29. Rde1 Rb7 30. Rd2 b4 31. cxb4 axb4 32.
a4 b3 33. Re4 Rc2 34. Red4 Rxd2 35. Rxd2 Rb4 36. Rd3 Ke8 37. a5 Kd7 38. a6 Kc7 39. Re3 Kd7 40. a7 Ra4 41. Rxb3 Rxa7 42. Rf3 Ke8 43.
Rd3 Rb7 44. b3 Rb4 45. g3 Rg4 46. f4 h4 47. Kg2 hxg3 48. Rd4 f6 49. gxf6 exf6 50.
b4 Kd7 51. Rc4 g5 52. b5 Rxf4 53. Rc6 Rb4 54. b6 Rb3 55. Rc7+ Kd8 56. Rf7 Rxb6 57. Rxf6 1-0

[Event "Late-Titled-Tuesday-Blitz-January-30-2024"]
[Site "Chess.com"]
[Date "2024.01.30"]
[Round "11"]
[White "topalovkramnik"]
[Black "rquery98"]
[Result "0-1"]
[WhiteElo "2501"]
[BlackElo "2742"]
[TimeControl "180+1"]
[EndTime "16:06:24 PST"]
[Termination "rquery98 won by resignation"]

1. e4 e5 2. Nf3 Nc6 3. Bb5 a6 4.
Ba4 Nf6 5. O-O d6 6. Re1 Bd7 7. c3 g6 8. d4 Bg7 9. h3 O-O 10.
Bc2 Nh5 11. Bg5 Qe8 12. Na3 h6 13. Be3 Kh8 14. dxe5 Nxe5 15. Nxe5 dxe5 16. Nc4 Be6 17. Qe2 b6 18. Rad1 f5 19. exf5 gxf5 20. Bb3 f4 21.
Bc1 f3 22. gxf3 Qg6+ 23. Kh1 Qf5 24. Qf1 Qxf3+ 25. Qg2 Bxh3 26. Qxf3 Rxf3 27. Nxe5 Rxf2 28. Rd2 Rxd2 29. Bxd2 Bf5 30. Kh2 Kh7 31. Nc6 Bf8 32. Rf1 Bd6+ 33. Kg1 Bg6 34. Nd4 Ng7 35. Kg2 Re8 36.
Rf2 h5 37. Kf1 Bd3+ 38. Kg1 h4 39. Bd1 h3 40. Nf3 Bg6 41. Ng5+ Kh8 42. Nxh3 Bc5 43.
Kg2 Bxf2 44. Nxf2 Rf8 45. Be3 Bh5 46. Bxh5 Nxh5 47. Ne4 Rg8+ 48. Kf3 Rg6 49. Nf2 Nf6 50. Bd4 Kg8 51. Kf4 Kf7 52. Ne4 Nxe4 53. Kxe4 Ke6 54. b4 Rg2 55. a4 Ra2 0-1

[Event "Late-Titled-Tuesday-Blitz-January-30-2024"]
[Site "Chess.com"]
[Date "2024.01.30"]
[Round "11"]
[White "Jospem"]
[Black "tptagain"]
[Result "1-0"]
[WhiteElo "3067"]
[BlackElo "2921"]
[TimeControl "180+1"]
[EndTime "16:06:28 PST"]
[Termination "Jospem won on time"]

1. e4 c6 2. d4 d5 3. e5 Bf5 4. h4 h6 5. Bd3 Bxd3 6. Qxd3 e6 7.
Be3 Ne7 8. Nd2 Nf5 9. h5 Qb6 10.
Ne2 c5 11. dxc5 Bxc5 12. Bxc5 Qxc5 13. c3 Nc6 14. Nf3 Qb6 15. Qd2 O-O-O 16. Rd1 f6 17. exf6 gxf6 18. Nf4 Nce7 19. Nd4 Ng7 20. Qe2 Rd6 21.
O-O Rg8 22. Ng6 Nxg6 23. hxg6 e5 24. Qg4+ Kd8 25. Nf3 Qc7 26. Qh4 Nf5 27. Qh5 Ne7 28. Nh4 Qd7 29. f4 e4 30. f5 d4 31. cxd4 Rxd4 32. Rxd4 Qxd4+ 33. Kh1 Nd5 34. Qxh6 Ne3 35.
Qh7 Re8 36. Re1 Qd2 37. Ra1 Ng4 38. g7 Qd6 39. Ng6 Qd5 40. Nf4 Qf7 41. Rd1+ Kc8 42. Qh4 Ne5 43. Ne6 Kb8 44. Qxe4 Rg8 45. Kg1 a6 46.
Qd4 Ka8 47. Qd6 Rxg7 48. Nxg7 Qxg7 49. Qd8+ Ka7 50. Qd4+ Ka8 51. Qe3 Qg8 52. Rd6 Qf8 53.
Qd4 Nc6 54. Qxf6 Qe8 55. Re6 Qd7 56. Qg5 Qd3 57. Kh2 1-0

[Event "Late-Titled-Tuesday-Blitz-January-30-2024"]
[Site "Chess.com"]
[Date "2024.01.30"]
[Round "11"]
[White "Vladimir_2020"]
[Black "Alex_Sahakyan2006"]
[Result "0-1"]
[WhiteElo "2772"]
[BlackElo "2877"]
[TimeControl "180+1"]
[EndTime "16:06:28 PST"]
[Termination "Alex_Sahakyan2006 won on time"]

1. Nf3 d5 2. g3 Bg4 3. Bg2 Nd7 4. c4 e6 5. cxd5 exd5 6. O-O c6 7. Nc3 Ngf6 8. Qb3 Nc5 9. Qc2 d4 10. Na4 Ne6 11. d3 Bd6 12. b4 O-O 13. Nc5 Bxc5 14. bxc5 Re8 15. Rb1 Qe7 16. Ba3 Nd5 17. Ne5 Bh5 18.
Bxd5 cxd5 19. Qb2 Nxc5 20. Nf3 b6 21. Nxd4 Qf6 22. Rfe1 Rac8 23. Nb3 Qxb2 24. Rxb2 Nxd3 25. Reb1 Nxb2 26. Rxb2 Rxe2 27. Rxe2 Bxe2 28. Nd4 Bc4 29. Nf5 Ra8 30. Ne7+ Kh8 31. Bb2 Bxa2 32. g4 f6 33. h4 Re8 34. Nf5 Bb1 35. Nd6 Re6 36. Nb5 a6 37. Nd4 Re4 38. g5 Rxh4 39. gxf6 gxf6 40. Ne6 Kg8 41. f3 Rh6 42. Kg2 Bf5 43.
Nd4 Bd7 44. Ne2 Rg6+ 45. Kf2 Kf7 46. Nf4 Rg5 47. Bd4 b5 48. Nd3 a5 49. Nc5 Bc6 50.
Nd3 b4 51. Bb6 d4 52. Bxd4 Rf5 53. f4 Be4 54. Nc5 Bd5 55. Ke3 Rh5 56. f5 Rxf5 0-1

[Event "Late-Titled-Tuesday-Blitz-January-30-2024"]
[Site "Chess.com"]
[Date "2024.01.30"]
[Round "11"]
[White "mbojan"]
[Black "Hamisandwich"]
[Result "1/2-1/2"]
[WhiteElo "2858"]
[BlackElo "2738"]
[TimeControl "180+1"]
[EndTime "16:06:33 PST"]
[Termination "Game drawn by repetition"]

1. a3 a6 2. h3 d5 3. Nf3 c5 4. c4 d4 5. b4 Nc6 6. b5 Na5 7. e3 axb5 8. cxb5 Be6 9. exd4 Nb3 10. Ng5 Bd5 11. Bb2 Nxa1 12. Bxa1 e5 13. dxe5 Qxg5 14.
Nc3 Be6 15. Ne4 Qd8 16. Bb2 Qd5 17. Qf3 Qb3 18. Bc3 Qb1+ 19. Ke2 Rxa3 20. Ke3 Nh6 21. g4 Be7 22. Bc4 Qc2 23. Bd3 Qa4 24. Nf6+ gxf6 25. exf6 Bd6 26. Qxb7 O-O 27. Qc6 Qf4+ 28. Ke2 Rc8 29.
Qb7 Re8 30. Kd1 c4 31. Be4 Bxg4+ 32. hxg4 Qxe4 33. Qxe4 Rxe4 34. Rxh6 Rb3 35. Rh5 Rxg4 36. Rd5 Bf8 37. Kc2 Rg6 38. d3 Rxc3+ 39. Kxc3 cxd3 40. Rf5 Bd6 41. Kxd3 Bb8 42. Rc5 Rxf6 43. Rc8+ Kg7 44. Rxb8 h5 45. Ke3 h4 46. Rd8 Rf5 47. Rd4 Re5+ 48.
Kf3 Rxb5 49. Rxh4 Rf5+ 50. Kg3 Rf6 51. Rg4+ Rg6 52. Kf4 Rxg4+ 53. Kxg4 Kg6 54. Kf4 Kf6 55. f3 Kg6 56. Kg4 Kf6 57. Kf4 Kg6 58. Kg4 Kf6 59. Kf4 1/2-1/2

[Event "Late-Titled-Tuesday-Blitz-January-30-2024"]
[Site "Chess.com"]
[Date "2024.01.30"]
[Round "11"]
[White "pavet"]
[Black "Baby_Legs"]
[Result "1/2-1/2"]
[WhiteElo "2774"]
[BlackElo "2634"]
[TimeControl "180+1"]
[EndTime "16:06:33 PST"]
[Termination "Game drawn by repetition"]

1. e4 g6 2. d4 Bg7 3. Nc3 d6 4. h4 h5 5. Nf3 Bg4 6. Be2 Nc6 7. Be3 e5 8. d5 Bxf3 9. gxf3 Nd4 10. Nb5 Nxb5 11. Bxb5+ Kf8 12. Qd2 Bh6 13. O-O-O Kg7 14. Kb1 a6 15. Be2 Nf6 16. Rdg1 Nd7 17. Bg5 Bxg5 18.
hxg5 Qe7 19. f4 exf4 20. Qxf4 Rae8 21. f3 Qe5 22. Qd2 Nc5 23. Rh4 c6 24. dxc6 bxc6 25. Bd1 Rb8 26. c3 Rb6 27. f4 Qxe4+ 28. Bc2 Qd5 29.
Qxd5 cxd5 30. Rd1 Re8 31. f5 Re5 32. f6+ Kf8 33. Rb4 Nd7 34. Ba4 Rxb4 35. cxb4 Nb6 36.
Bb3 Rxg5 37. a4 Rg4 38. a5 Rxb4 39. Bxd5 Nxd5 40. Rxd5 h4 41. Rxd6 Kg8 42. Rxa6 h3 43. Rc6 Ra4 44. Rc3 h2 45. Rh3 Rxa5 46. Rxh2 Rf5 47.
b4 Rxf6 48. Kb2 Kg7 49. Kc3 Rf4 50. b5 g5 51. b6 Rf6 52. Rb2 Rc6+ 53. Kd4 Rc8 54.
b7 Rb8 55. Ke5 Kg6 56. Rb6+ Kh5 57. Kf5 g4 58. Rb1 Kh4 59. Kf4 Kh3 60. Rb3+ Kh4 61. Rb1 Kh3 62. Rb3+ Kh4 63. Rb6 Kh3 64. Rb3+ 1/2-1/2

[Event "Late-Titled-Tuesday-Blitz-January-30-2024"]
[Site "Chess.com"]
[Date "2024.01.30"]
[Round "11"]
[White "Genghis_K"]
[Black "Kacparov"]
[Result "1-0"]
[WhiteElo "2857"]
[BlackElo "2943"]
[TimeControl "180+1"]
[EndTime "16:06:35 PST"]
[Termination "Genghis_K won by checkmate"]

1. e4 c5 2. Nf3 e6 3. d4 cxd4 4. Nxd4 Nc6 5. Nc3 Qc7 6. Be2 a6 7. Nxc6 bxc6 8. Qd3 d5 9. Qg3 Qxg3 10. hxg3 Nf6 11. g4 Nxe4 12. Nxe4 dxe4 13. g5 c5 14. Be3 Bb7 15. O-O-O Be7 16. g6 fxg6 17. Bc4 Bc8 18. Rde1 Kf7 19. f3 exf3 20. Rhf1 Re8 21. Rxf3+ Kg8 22. Bf4 Bf8 23. Be5 Bb7 24. Rf2 Bd5 25.
Bf1 Be7 26. c4 Bc6 27. g3 Rad8 28. Bh3 Bf8 29. Rfe2 h5 30. Bc7 Ra8 31. Bxe6+ Kh7 32. Bf4 Rad8 33. Bf7 Rxe2 34. Rxe2 Rd7 35. Be8 Bf3 36.
Re6 Rd1+ 37. Kc2 Rd4 38. Bxg6+ Kg8 39. b3 h4 40. Re3 Bg4 41. Be5 Rd8 42. gxh4 Be7 43.
h5 Bg5 44. Rg3 Bd1+ 45. Kb2 Rd2+ 46. Ka3 Be7 47. Be4 Bf8 48. h6 Rd7 49. h7+ Kh8 50.
Rg1 Bh5 51. Rf1 Rd8 52. Bd5 Be7 53. Rg1 Bf8 54. Bc3 Kxh7 55. Rh1 g6 56. Be4 Kg8 57.
Bd5+ Kh7 58. Rf1 Kh6 59. Bd2+ Kg7 60. Rf7+ Kh8 61. Bc3+ Kg8 62. Rd7# 1-0

[Event "Late-Titled-Tuesday-Blitz-January-30-2024"]
[Site "Chess.com"]
[Date "2024.01.30"]
[Round "11"]
[White "GoltsevDmitry2000"]
[Black "yaguigor"]
[Result "1-0"]
[WhiteElo "2808"]
[BlackElo "2632"]
[TimeControl "180+1"]
[EndTime "16:06:35 PST"]
[Termination "GoltsevDmitry2000 won on time"]

1. e4 e5 2. Nf3 Nc6 3. Bb5 f5 4.
d4 fxe4 5. Bxc6 dxc6 6. Nxe5 Nf6 7. O-O Bd6 8. Nc3 O-O 9. Qe2 Qe7 10. Bg5 Bxe5 11. dxe5 Qxe5 12. Bxf6 Qxf6 13. Qxe4 Bf5 14.
Qa4 Kh8 15. Rad1 a5 16. Ne2 b5 17. Qb3 a4 18. Qc3 Qxc3 19. Nxc3 Bxc2 20. Rd7 Rac8 21. Re1 Bf5 22. Rde7 Kg8 23. f3 Rf7 24. Re8+ Rxe8 25. Rxe8+ Rf8 26. Re7 Rc8 27. Kf2 Kf8 28. Re5 Bg6 29.
Rc5 Be8 30. Ke3 Rd8 31. Ne4 Rd1 32. a3 h6 33. Rc2 Ke7 34. h4 Bg6 35. Rxc6 Bxe4 36. Kxe4 Rd2 37. Rxc7+ Kf6 38. Rc6+ Kf7 39. Rc7+ Kf6 40. g4 Rxb2 41. Rb7 b4 42. axb4 a3 43. Rb6+ Kf7 44. Kf5 g6+ 45. Ke5 a2 46. Rb7+ Ke8 47.
Ra7 Rxb4 48. Rxa2 Rb6 49. Ra7 Kf8 50. Rh7 h5 51. gxh5 gxh5 52. Kf5 Kg8 53. Rxh5 Kg7 54. Kg4 Rb1 55. Ra5 Rg1+ 56. Kf5 Rb1 57. f4 Rb4 58. Ra7+ Kh6 59. Re7 Rb5+ 60. Kf6 Rb4 61. f5 Rxh4 62. Ra7 Rb4 63. Kf7 Kh7 64. f6 Re4 65.
Kf8+ Kg6 66. f7 1-0

[Event "Late-Titled-Tuesday-Blitz-January-30-2024"]
[Site "Chess.com"]
[Date "2024.01.30"]
[Round "11"]
[White "RodokininEV"]
[Black "toninhojit"]
[Result "1/2-1/2"]
[WhiteElo "2624"]
[BlackElo "2514"]
[TimeControl "180+1"]
[EndTime "16:06:36 PST"]
[Termination "Game drawn - timeout vs insufficient material"]

1. e4 e5 2. Nf3 Nc6 3. Bb5 Nf6 4. d3 Bc5 5. c4 d6 6. Nc3 O-O 7. h3 Nd4 8. Nxd4 Bxd4 9. Ba4 c6 10. O-O h6 11. Kh1 Nh7 12. f4 f5 13. fxe5 Bxe5 14. d4 Bg3 15. Bf4 Bxf4 16. Rxf4 Qg5 17. Qf3 Bd7 18. Rf1 fxe4 19. Nxe4 Qe7 20. Bc2 Rxf4 21. Qxf4 Rf8 22. Qc1 Bf5 23. Re1 Qh4 24.
Re2 Re8 25. Nc3 Rxe2 26. Nxe2 Bxc2 27. Qxc2 Nf6 28. Qd3 Qe4 29. Qd2 Nh5 30. Kh2 g5 31. b3 Kg7 32. Nc3 Qf4+ 33. Qxf4 Nxf4 34. Kg3 Kf7 35. Kf3 Ke6 36. h4 d5 37. hxg5 hxg5 38. Kg4 Kf6 39. g3 Ne6 40. cxd5 Nxd4 41. dxc6 bxc6 42.
Ne4+ Kg6 43. Nxg5 Nc2 44. Nf3 Nb4 45. a3 Nd3 46. Nd4 c5 47. Nc6 a6 48. Kf3 Kf5 49.
Ke3 Nc1 50. Na5 Kg4 51. Ke4 Kxg3 52. Kd5 Kf3 53. Kxc5 Ke3 54. Kb6 Kd3 55. Kxa6 Kc3 56. b4 Kb2 57. b5 Nd3 58. a4 Ka3 59. b6 Kxa4 1/2-1/2

[Event "Late-Titled-Tuesday-Blitz-January-30-2024"]
[Site "Chess.com"]
[Date "2024.01.30"]
[Round "11"]
[White "KorolDimitriy75"]
[Black "emeli_chess"]
[Result "1-0"]
[WhiteElo "2370"]
[BlackElo "2455"]
[TimeControl "180+1"]
[EndTime "16:06:41 PST"]
[Termination "KorolDimitriy75 won by resignation"]

1. d4 Nf6 2. c4 e6 3. Nc3 Bb4 4. Qc2 c5 5. dxc5 O-O 6. Nf3 Na6 7. Bd2 Nxc5 8. e3 b6 9. Be2 Bb7 10. O-O Nce4 11. Nxe4 Bxe4 12. Qc1 Bxd2 13. Qxd2 Qc7 14. Rac1 d6 15. Rfd1 Rfd8 16. b3 a5 17. Nd4 Ne8 18.
f3 Bb7 19. e4 Rac8 20. Nb5 Qc5+ 21. Qd4 d5 22. cxd5 Qxd4+ 23. Nxd4 Rxc1 24. Rxc1 exd5 25. e5 Rc8 26. Rxc8 Bxc8 27. Kf2 Bd7 28. Ke3 Kf8 29. f4 Ke7 30. f5 Nc7 31. g4 h6 32. h4 b5 33. Kf4 b4 34. g5 hxg5+ 35. hxg5 Be8 36. f6+ gxf6 37. gxf6+ Kf8 38. Bg4 a4 39. e6 fxe6 40. Nxe6+ Nxe6+ 41. Bxe6 a3 42. Bxd5 Bg6 43. Be4 Bf7 44.
Bb1 Bh5 45. Ke5 Kf7 46. Bd3 Kf8 47. Kd4 Bd1 48. Bb1 Kf7 49. Kc5 Kxf6 50. Kxb4 Ke5 51. Kxa3 Kd6 52. Kb4 Kc7 53. a4 Kb6 54. Bd3 Ka7 55.
a5 Bf3 56. Bc4 Kb7 57. Kc5 Ka7 58. b4 Kb8 59. b5 Ka7 60. b6+ Kb8 61. a6 Be4 62. Bd5 Bd3 63. a7+ 1-0